 Dungeon Crawl Stone Soup version 0.19.5 (webtiles) character file.

5926 ivers0n the Blocker (level 10, -2/88 HPs)
             Began as a Minotaur Fighter on Mar 25, 2017.
             Was a Priest of Fedhas.
             Slain by a black mamba (6 damage)
             ... on level 1 of the Lair of Beasts on Mar 26, 2017.
             The game lasted 02:44:04 (7671 turns).

ivers0n the Blocker (Minotaur Fighter)              Turns: 7671, Time: 02:44:05

Health: -2/88      AC: 19    Str: 22    XL:     10   Next: 53%
Magic:  0/8        EV:  6    Int:  6    God:    Fedhas [***...]
Gold:   250        SH: 18    Dex: 11    Spells: 0 memorised, 9 levels left

rFire  . . .     SeeInvis .     G - +3 hand axe
rCold  + . .     Gourm    .     P - +5 chain mail
rNeg   . . .     Faith    .     J - +0 large shield
rPois  .         Spirit   +     (helmet restricted)
rElec  .         Reflect  .     (no cloak)
rCorr  .         Harm     .     M - +2 pair of gloves
MR     .....                    (no boots)
Stlth  ..........               i - amulet of guardian spirit
                                g - ring of wizardry
                                z - ring of protection from cold

@: lethally poisoned (-2 -> -4)
A: retaliatory headbutt, horns 2, talons 1, blurry vision 1, low mp 1
a: Fungal Bloom, Evolution, Sunlight, Growth, Renounce Religion


You were on level 1 of the Lair of Beasts.
You worshipped Fedhas.
Fedhas was most pleased with you.
You were near starving.

You visited 3 branches of the dungeon, and saw 10 of its levels.

You collected 488 gold pieces.
You spent 238 gold pieces at shops.

Inventory:

Hand Weapons
 a - a +3 spear of freezing
 c - a +1 whip of freezing
 h - a +0 dagger of venom
 s - a +0 quarterstaff
 w - a +1 antimagic dagger
 y - a +0 war axe
 F - a +0 mace of holy wrath
 G - a +3 hand axe (weapon)
 U - a +0 falchion
Missiles
 q - 52 poisoned needles
 t - 133 arrows
 v - 124 stones (quivered)
 O - 21 bolts
Armour
 u - a +0 chain mail
 J - a +0 large shield (worn)
 M - a +2 pair of gloves (worn)
 P - a +5 chain mail (worn)
 V - a +0 ring mail
Jewellery
 g - a ring of wizardry (right hand)
 i - an amulet of guardian spirit (around neck)
 x - an uncursed amulet of rage
 z - a ring of protection from cold (left hand)
Wands
 n - a wand of random effects (25/48)
 A - a wand of acid (7/15)
 I - a wand of acid (1/15)
 Q - a wand of teleportation (5/9)
 R - a wand of polymorph (15/24)
Scrolls
 e - 4 scrolls of remove curse {unknown}
 o - a scroll of fear {unknown}
 p - a scroll of amnesia
 r - 3 scrolls of immolation
 C - a scroll of recharging {unknown}
 H - a scroll of noise
 L - a scroll of blinking
 W - a scroll of brand weapon {unknown}
 Z - a scroll of teleportation
Potions
 d - 3 potions of might
 k - a potion of ambrosia
 l - a potion of flight
 m - 2 potions of mutation
 B - a potion of resistance {unknown}
 E - a potion of haste {unknown}
 K - a potion of brilliance {unknown}
 S - a potion of agility {unknown}
 Y - 3 potions of lignification
Books
 b - a book of Air

   Spells                             Type                      Level
   a - Shock                          Conjuration/Air              1
   b - Swiftness                      Charms/Air                   2
   c - Repel Missiles                 Charms/Air                   2
   d - Static Discharge               Conjuration/Air              3
   e - Lightning Bolt                 Conjuration/Air              5
Comestibles
 f - a bread ration
 j - 6 meat rations
 N - 2 fruits


   Skills:
 + Level 8.0 Fighting
 + Level 7.4 Long Blades
 + Level 5.4 Maces & Flails
 + Level 3.0 Polearms
 - Level 2.5 Throwing
 + Level 8.0 Armour
 - Level 1.3 Dodging
 + Level 0.8 Stealth
 + Level 12.4 Shields
 + Level 0.2 Invocations


You had 9 spell levels left.
You didn't know any spells.

Dungeon Overview and Level Annotations

Branches:
Dungeon (8/15)             Temple (1/1) D:7            Lair (1/6) D:8

Altars:
Dithmenos
Elyvilon
Fedhas
Gozag
Kikubaaqudgha
Nemelex Xobeh
Qazlal
Ru
Sif Muna
Trog
Uskayaw
Xom
Yredelemnul
The Shining One

Shops:
D:6 *!   D:8 [


Innate Abilities, Weirdness & Mutations

You reflexively headbutt those who attack you in melee.
You have a pair of horns on your head.
You have sharp toenails.
Scrolls take you a little longer to read.
Your magical capacity is low. (-10% MP)


Message History

The black mamba is heavily wounded.
You feel sick. You block the black mamba's attack.
The black mamba bites you but does no damage.
You barely miss the black mamba. Your kick misses the black mamba.
The black mamba is heavily wounded.
You feel sick. You block the black mamba's attack. x2
You hit the black mamba. Your kick misses the black mamba.
Your headbutt misses the black mamba.
The black mamba is heavily wounded.
You feel sick. You block the black mamba's attack. x2
You hit the black mamba. Your kick misses the black mamba.
Your headbutt misses the black mamba.
The black mamba is severely wounded.
A nearby toadstool withers and dies.
The black mamba bites you!
* * * LOW HITPOINT WARNING * * *
The black mamba bites you but does no damage.
Really read with blurry vision while enemies are nearby?
You feel sick. The black mamba bites you!
You die...
Fedhas appreciates your contribution to the ecosystem.

...........#.........
......#................
#.........#............
#......#.....#........#
.......#.P........#...#.
......#.###........#....
.......#. #..........#..
##.#.#..###P............
#..####PPĂ·......@.......
.....##PP#.#..#.S....#..
.....#.P.##.....P...#...
........####....##......
.......## #....#.#.....#
.......# ##.#...#......#
##....####(.###...##.#..
#####.# #..# #...# #...
##.##..###....


You could see a black mamba.

Vanquished Creatures
  Pikel (D:7)
  2 spiny frogs (Lair:1)
  A two-headed ogre (D:8)
  4 blink frogs (Lair:1)
  A hippogriff (D:8)
  A steam dragon (Lair:1)
  3 yaks (Lair:1)
  3 water moccasins
  2 hell hounds (D:8)
  An ice beast (D:5)
  2 ogres
  3 black bears
  3 centaurs
  The ghost of Lucio the Conjurer, an amateur DrCj (D:3)
  2 crocodiles
  3 bullfrogs
  4 wights (D:7)
  3 killer bees (D:8)
  2 howler monkeys
  6 crimson imps
  2 quasits
  2 jellies (D:8)
  6 orc priests
  Terence (D:3)
  An orc wizard (D:8)
  An iguana (D:5)
  6 worker ants
  A killer bee zombie (D:6)
  A hound zombie (D:5)
  2 hound skeletons
  Robin (D:2)
  A worker ant zombie (D:5)
  12 gnolls
  8 adders
  3 shadow imps (D:5)
  An ooze (D:1)
  An adder zombie (D:8)
  5 worms
  3 dart slugs
  11 leopard geckos
  31 orcs
  3 giant cockroaches
  18 goblins
  8 hobgoblins
  14 jackals
  4 kobolds
  2 quokkas
  2 ball pythons
  6 bats
  7 frilled lizards
  A leopard gecko zombie (D:7)
  A quokka zombie (D:6)
  11 rats
225 creatures vanquished.

Vanquished Creatures (others)
  An adder skeleton (D:8)
  A fungus (Lair:1)
  A plant (D:8)
  68 toadstools
71 creatures vanquished.

Grand Total: 296 creatures vanquished

Notes
Turn   | Place    | Note
-------+----------+-------------------------------------------
     0 | D:1      | ivers0n the Minotaur Fighter began the quest for the Orb.
     0 | D:1      | Reached XP level 1. HP: 19/19 MP: 0/0
   200 | D:1      | Reached XP level 2. HP: 27/27 MP: 1/1
   487 | D:1      | Reached skill level 4 in Shields
   524 | D:1      | Reached XP level 3. HP: 33/33 MP: 2/2
  1153 | D:2      | Noticed Robin
  1188 | D:2      | Reached XP level 4. HP: 35/41 MP: 3/3
  1208 | D:2      | Killed Robin
  1208 | D:2      | Reached skill level 1 in Throwing
  1524 | D:3      | Noticed Lucio's ghost (amateur DrCj)
  1555 | D:3      | Killed Lucio's ghost
  1555 | D:3      | Reached skill level 5 in Shields
  1555 | D:3      | Reached XP level 5. HP: 8/47 MP: 0/4
  1703 | D:3      | Reached skill level 5 in Fighting
  1973 | D:3      | Reached XP level 6. HP: 56/56 MP: 5/5
  1976 | D:3      | Reached skill level 5 in Armour
  1976 | D:3      | Reached skill level 1 in Dodging
  2291 | D:3      | Noticed Terence
  2299 | D:3      | Killed Terence
  2406 | D:3      | Found a faded altar of an unknown god.
  2415 | D:3      | Became a worshipper of Fedhas Madash
  2415 | D:3      | Reached * piety under Fedhas
  2952 | D:4      | Reached skill level 6 in Shields
  3633 | D:5      | Entered Level 5 of the Dungeon
  3638 | D:5      | Reached XP level 7. HP: 60/61 MP: 6/6
  3932 | D:5      | Reached skill level 7 in Shields
  4038 | D:5      | Reached skill level 5 in Long Blades
  4305 | D:6      | Reached XP level 8. HP: 68/70 MP: 7/7
  4327 | D:6      | Found Goubibb's General Store.
  4346 | D:6      | Bought a potion of heal wounds for 55 gold pieces
  4346 | D:6      | Bought a scroll of teleportation for 33 gold pieces
  4645 | D:6      | Found Ejuzotach's Distillery.
  4706 | D:6      | Reached ** piety under Fedhas
  4767 | D:6      | Bought a potion of flight for 30 gold pieces
  4767 | D:6      | Bought a potion of curing for 30 gold pieces
  4767 | D:6      | Bought a potion of curing for 30 gold pieces
  4767 | D:6      | Bought 2 potions of curing for 60 gold pieces
  4871 | D:6      | Gained mutation: You have sharp toenails. [potion of mutation]
  4871 | D:6      | Gained mutation: Scrolls take you a little longer to read. [potion of mutation]
  4871 | D:6      | Gained mutation: Your magical capacity is low. (-10% MP) [potion of mutation]
  5096 | D:7      | Reached skill level 1 in Maces & Flails
  5096 | D:7      | Reached skill level 8 in Shields
  5235 | D:7      | Found a staircase to the Ecumenical Temple.
  5528 | D:7      | Noticed Pikel
  5549 | D:7      | Killed Pikel
  5549 | D:7      | Reached skill level 1 in Polearms
  5549 | D:7      | Reached skill level 9 in Shields
  5549 | D:7      | Reached XP level 9. HP: 69/75 MP: 7/7
  5980 | Temple   | Entered the Ecumenical Temple
  6227 | D:8      | Found a staircase to the Lair.
  6276 | D:8      | Reached skill level 10 in Shields
  6333 | D:8      | Reached *** piety under Fedhas
  6334 | D:8      | Found Koinean's Antique Armour Emporium.
  6707 | D:8      | Reached skill level 11 in Shields
  6993 | Lair:1   | Entered Level 1 of the Lair of Beasts
  7009 | Lair:1   | Reached skill level 5 in Maces & Flails
  7009 | Lair:1   | Reached XP level 10. HP: 78/86 MP: 8/8
  7014 | Lair:1   | Found a shadowy altar of Dithmenos.
  7349 | Lair:1   | Noticed a spiny frog
  7365 | Lair:1   | Killed a spiny frog
  7476 | Lair:1   | Reached skill level 12 in Shields
  7529 | Lair:1   | Noticed a spiny frog
  7550 | Lair:1   | Killed a spiny frog
  7654 | Lair:1   | Noticed a black mamba
  7671 | Lair:1   | HP: 4/88 [poisoned by a black mamba]
  7671 | Lair:1   | Slain by a black mamba

Skill      XL: |  1  2  3  4  5  6  7  8  9 10 |
---------------+-------------------------------+-----
Fighting       | 4 5 6 7 8 |  8.0
Armour         | 4 5 6 7 8 |  8.0
Shields        | 4 5 6 7 9 11 12 | 12.4
Throwing       | 1 2 |  2.5
Dodging        | 1 |  1.3
Long Blades    | 3 5 7 |  7.4
Maces & Flails | 2 5 |  5.4
Polearms       | 1 3 |  3.0
Stealth        | |  0.8
Invocations    | |  0.2

Action                   |  1- 3 |  4- 6 |  7- 9 | 10-12 || total
-------------------------+-------+-------+-------+-------++-------
Melee: Long sword        |   107 |   219 |       |       ||   326
       Headbutt          |    14 |    52 |    71 |    24 ||   161
       Falchion          |       |    52 |   129 |    21 ||   202
       Mace              |       |       |   201 |       ||   201
       Spear             |       |       |    61 |       ||    61
       Kick              |       |       |    82 |    34 ||   116
       Hand axe          |       |       |    48 |    93 ||   141
Throw: Throwing net      |     2 |       |       |       ||     2
       Stone             |       |    11 |    48 |     7 ||    66
       Javelin           |       |    17 |     7 |       ||    24
Invok: Fungal Bloom      |       |       |    16 |     4 ||    20
       Growth            |       |       |     1 |       ||     1
Evoke: Wand              |       |       |     1 |     1 ||     2
  Use: Potion            |     1 |     1 |    15 |       ||    17
       Scroll            |       |     6 |     7 |     2 ||    15
  Eat: Bread ration      |     1 |       |     2 |       ||     3
       Meat ration       |       |     1 |       |       ||     1
       Beef jerky        |       |       |     1 |     1 ||     2
       Fruit             |       |       |     1 |       ||     1
Armor: Scale mail        |    36 |       |       |       ||    36
       Chain mail        |     9 |   124 |   250 |    30 ||   413
Dodge: Dodged            |    26 |    28 |    72 |    21 ||   147
Block: Shield            |    47 |    24 |       |       ||    71
       Large shield      |       |   154 |   481 |   116 ||   751
       Rpst.: Long sword |     6 |     7 |       |       ||    13
       Falchion          |       |     1 |     2 |     1 ||     4
